Map: Dusk Towers

Players

Daniel

  • Race: Terran Terran
  • League: Bronze
  • Spawn Location: 1:00

Fropez - Winner!

  • Race: Protoss Protoss
  • League: Silver
  • Spawn Location: 7:00

VOD

Have the link to the VOD?

Description

Time

  • Played on: July 7, 2016, 10:56 a.m.
  • Length: 6:36
Show
View Real Time Build Order
Export as new Build Order

Daniel Terran 

Build Orders:  

Get SALT Encoding   

  13  0:14  SCV  
  13  0:21  Supply Depot  
  13  0:26  SCV  
  14  0:40  SCV  
  15  0:43  Refinery  
  15  0:46  Refinery  
  15  0:53  Barracks  
  15  1:37  SCV  
  16  1:41  Supply Depot  
  16  1:50  SCV  
  17  2:05  Supply Depot  
  17  2:21  Barracks Reactor  
  17  2:24  Factory  
  17  2:58  Orbital Command  
  17  3:04  Reaper x2  
  19  3:06  Widow Mine  
  21  3:21  Factory  
  21  3:35  Widow Mine  
  21  3:36  Reaper x2  
  25  4:18  Reaper  
  25  4:19  Reaper  
  25  4:22  Widow Mine  
  27  4:51  Widow Mine  
  15  5:50  Widow Mine x2  
Show
View Real Time Build Order
Export as new Build Order

Fropez Protoss - Winner!

Build Orders: 1 Gate Expand 

Get SALT Encoding   

  12  0:01  Probe (Chrono Boost)  
  13  0:16  Pylon  
  13  0:21  Probe (Chrono Boost)  
  14  0:35  Gateway  
  14  0:36  Probe (Chrono Boost)  
  15  1:08  Pylon  
  15  1:12  Probe (Chrono Boost)  
  16  1:41  Nexus, Pylon  
  16  1:44  Assimilator  
  16  1:45  Assimilator  
  16  1:51  Gateway  
  15  1:56  Probe (Chrono Boost)  
  16  2:06  Cybernetics Core  
  16  2:11  Probe (Chrono Boost)  
  17  2:44  Robotics Facility  
  17  2:45  Warp Gate (Chrono Boost)  
  17  2:50  Probe  
  18  2:51  Probe  
  19  3:02  Probe  
  19  3:04  Gateway  
  20  3:13  Pylon  
  20  3:16  Probe  
  20  3:17  Probe  
  22  3:26  Mothership Core  
  24  3:40  Warp Prism  
  26  3:46  Probe  
  27  3:59  Probe, Gateway  
  28  4:07  Pylon  
  28  4:08  Probe  
  29  4:20  Probe  
  29  4:21  Probe  
  29  4:23  Observer  
  31  4:35  Probe  
  31  4:37  Probe  
  33  4:50  Zealot  
  33  4:51  Gateway  
  35  4:55  Gateway, Zealot  
  35  4:59  Zealot  
  35  5:34  Zealot x4  
  42  6:06  Stalker x4  
  48  6:32  Zealot x2  
  48  6:33  Zealot x2  
Tags
 
Matchup
PvT
Replay Pack
All Mines
Spawn Locations
Cross Positions
Add a new tag
Caveats
  • Supply blocks, unpowered buildings, or Contaminate may cause inaccurate times.
  • Supply counts are checked every 10 seconds.